 Dungeon Crawl Stone Soup version 0.32-a0-540-g866d13106e (webtiles) character file.

Game seed: 15837904619034299993

146 Newt the Changeling (level 5, -4/35 HPs)
             Began as an Octopode Shapeshifter on Feb 28, 2024.
             Slain by Duvessa
             ... wielding a +0 short sword
              (9 damage)
             ... on level 4 of the Dungeon.
             The game lasted 00:02:32 (2911 turns).

Newt the Changeling (Octopode Shapeshifter)         Turns: 2911, Time: 00:02:33

Health: -4/35      AC:  1    Str: 13    XL:     5   Next: 28%
Magic:  5/5        EV: 14    Int: 12    God:
Gold:   13         SH:  5    Dex: 14    Spells: 4/4 levels left

rFire   . .          .
                       - Unarmed
rCold   . . .        (no shield)
rNeg    + . .        (helmet currently unavailable)
rPois   .            p - amulet of Relativism {Reflect rElec rN+ SH+5}
rElec   +            (no ring)
rCorr   .            (no ring)
SInv    .            (no ring)
Will    .....        (no ring)
Stlth   ++           (no ring)
HPRegen 0.25/turn    (no ring)
MPRegen 0.09/turn    (no ring)
                     (no ring)

%: reflection
@: beast-form
A: beast (slay +2), almost no armour, amphibious, 8 rings, camouflage 1,
gelatinous body 1, (nimble swimmer 1), tentacles
a: Begin Untransformation


You were on level 4 of the Dungeon.
You were a hulking beast.
You visited 1 branch of the dungeon, and saw 4 of its levels.

You collected 91 gold pieces.
You spent 78 gold pieces at shops.

Inventory:

Jewellery
 n - a ring of fire
 p - the amulet of Relativism (around mantle) {Reflect rElec rN+ SH+5}
   (You found it on level 3 of the Dungeon)

   [amulet of reflection]

   Reflect:   It reflects blocked missile attacks.
   rElec:     It insulates you from electricity.
   rN+:       It protects you from negative energy.
   SH+5:      It affects your SH (+5).
 q - a +6 ring of intelligence
Talismans
 b - a beast talisman (active)
 c - a flux talisman
Scrolls
 h - 2 scrolls of amnesia
 i - a scroll of revelation
 j - a scroll of fog
 k - a scroll of teleportation
 o - a scroll of fear {unknown}
 r - a scroll of poison {unknown}
 s - a scroll of enchant armour {unknown}
 t - a scroll of identify
 u - a scroll of enchant weapon {unknown}
 v - a scroll of blinking {unknown}
Potions
 a - a potion of lignification
 d - 3 potions of curing
 e - 2 potions of ambrosia {unknown}
 f - a potion of heal wounds {unknown}
 g - a potion of enlightenment {unknown}
 l - a potion of might {unknown}
 m - a potion of cancellation {unknown}


   Skills:
 + Level 2.5 Fighting
 - Level 3.1 Dodging
 - Level 3.0 Unarmed Combat
 * Level 4.3 Shapeshifting


You had 4 spell levels left.
You didn't know any spells.
Your spell library was empty.

Dungeon Overview and Level Annotations

Branches:
Dungeon (4/15)
 Temple: D:4-7

Altars:

Shops:
D:3 *   D:4 :

Annotations:
D:4 Duvessa


Innate Abilities, Weirdness & Mutations

You are a hulking beast.
Your limbs bulge with bestial killing power. (Slay +2)
You cannot wear most types of armour.
You are amphibious.
You can wear up to eight rings at the same time.
Your skin changes colour to match your surroundings (Stealth+).
Your rubbery body absorbs attacks. (AC +1, EV +1)
((You are camouflaged when in or above water. (Stealth+)))
You have tentacles for arms and can constrict up to eight enemies at once.


Message History

Dowan hits you with a +0 dagger.
You closely miss Dowan. Your grab misses Dowan.
Dowan is heavily wounded.
Dowan barely misses you.
You miss Dowan. You grab Dowan.
Dowan is heavily wounded.
You constrict Dowan. Dowan closely misses you.
You tentacle-slap Dowan.
Dowan is heavily wounded.
You constrict Dowan. Dowan hits you with a +0 dagger.
You tentacle-slap Dowan.
Dowan is almost dead.
You constrict Dowan.
You kill Dowan!
You hear a distant scream of rage.
Your Dodging skill increases to level 3!
You have reached level 5!
You feel agile.
You start resting.
Duvessa is nearby!
Duvessa is nearby!
Things that are here:
a +0 whip; 7 stones Duvessa goes berserk!
You barely miss Duvessa. You grab Duvessa. You squeeze Duvessa.
Duvessa is lightly wounded.
You constrict Duvessa. Duvessa barely misses you.
You tentacle-slap Duvessa.
Duvessa is lightly wounded.
You constrict Duvessa.
Duvessa hits you with a +0 short sword! x2
* * * LOW HITPOINT WARNING * * *
Unknown command.
You bludgeon Duvessa!
Duvessa is moderately wounded.
You constrict Duvessa. Duvessa misses you.
Unknown command.
You tentacle-slap Duvessa.
Duvessa is heavily wounded.
You constrict Duvessa. Duvessa hits you with a +0 short sword!
You die...

.#.# .#.## . #....##
... ####......#
....##.........# ...
'..........#
....##.#......#
.......e......#
.####.h#####.#
#...†..### #'
#.#..))..# #.#
#.##.#.#.# #.# #.##.#.#
# ###.## #.##.#.#.#.#
##....###..........#
####........#######.###
.........†..#### .#


You could see Duvessa (berserk).

Vanquished Creatures
  Dowan (D:4)
  3 adders
  2 dart slugs
  2 ribbon worms
  3 ball pythons
  8 endoplasms
  2 giant cockroaches
  8 goblins
  6 hobgoblins
  7 jackals (D:4)
  5 kobolds
  3 quokkas
  3 bats
  3 frilled lizards
  6 rats
62 creatures vanquished.

Notes
Turn   | Place    | Note
-------+----------+-------------------------------------------
     0 | D:1      | Newt the Octopode Shapeshifter began the quest for the Orb.
     0 | D:1      | Reached XP level 1. HP: 13/13 MP: 1/1
   248 | D:1      | Reached XP level 2. HP: 18/18 MP: 2/2
   972 | D:2      | Reached XP level 3. HP: 22/24 MP: 3/3
  1485 | D:2      | Found a faded altar of an unknown god.
  1677 | D:3      | Identified the amulet of Relativism {Reflect rElec rN+
                  | SH+5}
  1738 | D:3      | Reached XP level 4. HP: 25/29 MP: 4/4
  1862 | D:3      | Found Biagel's Assorted Antiques.
  1868 | D:3      | Bought a scroll labelled BASSOD OMUURPHO for 20 gold pieces
  1868 | D:3      | Bought a scroll of identify for 40 gold pieces
  1868 | D:3      | Bought a silvery potion for 18 gold pieces
  2239 | D:4      | Found Jiggexte's Book Emporium.
  2242 | D:4      | Reached skill level 4 in Shapeshifting
  2867 | D:4      | Noticed Duvessa
  2867 | D:4      | Noticed Dowan
  2882 | D:4      | Killed Dowan
  2883 | D:4      | Reached XP level 5. HP: 20/35 MP: 5/5
  2911 | D:4      | Slain by Duvessa

Illustrated notes

Levels and vault maps discovered:
D:1:      evilmike_arrival_rings, layout_basic
D:2:      layout_loops_ring, ebering_ecumenical_altar_webs
D:3:      layout_basic, serial_shops, nicolae_shop_rolling_square
D:4:      layout_loops_corners, grunt_ministairs_12, chequers_mini_garden,
          nicolae_stop_n_shop_2, uniq_duvessa

Skill      XL: |  1  2  3  4 |
---------------+-------------+-----
Fighting       | 2 |  2.5
Shapeshifting  | 4 |  4.3
Dodging        | 3 |  3.1
Unarmed Combat | |  3.0

Action                     |  1- 3 |  4- 6 || total
---------------------------+-------+-------++-------
  Melee: Unarmed           |    58 |    51 ||   109
         Tentacles         |    10 |    10 ||    20
         Constrict         |    16 |    19 ||    35
         Punch             |     4 |       ||     4
    Use: Scroll            |     3 |     2 ||     5
   Stab: Sleeping          |     8 |     3 ||    11
         Distracted        |     1 |       ||     1
 Armour: Skin              |    15 |    15 ||    30
  Dodge: Dodged            |    23 |    22 ||    45
  Block: Other             |       |     7 ||     7

Table legend: (Time is in decaauts)
 A = Elapsed time spent in this place.
 B = Non-inter-level travel time spent in this place.
 C = Inter-level travel time spent in this place.
 D = Time resting spent in this place.
 E = Time spent auto-exploring this place.
 F = Levels seen in this place.
 G = Mean time per level.
                   A        B        C        D        E       F      G
               +--------+--------+--------+--------+--------+-----+--------+
         Total |   2904 |   2807 |     97 |     23 |   2395 |   4 |  726.0 |
       Dungeon |   2904 |   2807 |     97 |     23 |   2395 |   4 |  726.0 |
               +--------+--------+--------+--------+--------+-----+--------+

Top non-repeatable levels by time:
     D:1: 967 daAuts
     D:2: 698 daAuts
     D:4: 668 daAuts
     D:3: 569 daAuts
